 Dungeon Crawl Stone Soup version 0.28-a0-309-gf6d37e6e1d (webtiles) character file.

Game seed: 3269100906218612310

373 McIrco the Shield-Bearer (level 7, -2/55 HPs)
             Began as a Human Fighter on Aug 30, 2021.
             Slain by an ogre (25 damage)
             ... on level 6 of the Dungeon.
             The game lasted 00:05:23 (3144 turns).

McIrco the Shield-Bearer (Human Fighter)            Turns: 3144, Time: 00:05:24

Health: -2/55      AC: 11    Str: 18    XL:     7   Next: 2%
Magic:  7/7        EV:  7    Int:  9    God:
Gold:   51         SH:  9    Dex: 12    Spells: 6/6 levels left

rFire   . . .      SeeInvis .   a - +0 war axe
rCold   . . .      Faith    .   c - +0 kite shield
rNeg    . . .      Spirit   .   b - +0 scale mail
rPois   .          Reflect  .   (no helmet)
rElec   .          Harm     .   (no cloak)
rCorr   .          Rampage  .   n - +0 pair of gloves
Will    .....                   g - +2 pair of boots
Stlth   ..........              (no amulet)
HPRegen 0.18/turn               (no ring)
MPRegen 0.10/turn               (no ring)

@: flying
A: no striking features
a: no special abilities


You were on level 6 of the Dungeon.
You visited 1 branch of the dungeon, and saw 6 of its levels.

You collected 132 gold pieces.
You spent 81 gold pieces at shops.

Inventory:

Hand Weapons
 a - a +0 war axe (weapon)
Armour
 b - a +0 scale mail (worn)
 c - a +0 kite shield (worn)
 g - a +2 pair of boots (worn)
 n - a +0 pair of gloves (worn)
Scrolls
 f - a scroll of magic mapping {unknown}
 h - a scroll of acquirement {unknown}
 i - a scroll of noise {unknown}
 k - a scroll of fog {unknown}
 l - a scroll of identify {unknown}
 m - a scroll of immolation {unknown}
 o - a scroll of torment {unknown}
 p - a scroll of amnesia {unknown}
 q - 2 scrolls of summoning
 r - a scroll of teleportation
Potions
 j - a potion of haste {unknown}


   Skills:
 + Level 4.5 Fighting
 - Level 2.0 Axes
 + Level 4.7 Armour
 + Level 5.2 Shields


You had 6 spell levels left.
You didn't know any spells.
Your spell library contained the following spells:

 Spells                   Type           Power      Damage    Failure   Level
 Corona                   Hex            0%         N/A       99%         1
 Blink                    Tloc           N/A        N/A       100%        2
 Ensorcelled Hibernation  Hex/Ice        0%         N/A       100%        2
 Lesser Beckoning         Tloc           0%         N/A       100%        3
 Tukima's Dance           Hex            0%         N/A       100%        3
 Animate Armour           Summ/Erth      0%         N/A       100%        4
 Blade Hands              Tmut           0%         N/A       100%        5
 Manifold Assault         Tloc           0%         N/A       100%        5
 Iron Shot                Conj/Erth      0%         9d1       100%        6


Dungeon Overview and Level Annotations

Branches:
Dungeon (6/15)
 Temple: D:4-7

Altars:

Shops:
D:1 [   D:2 !   D:5 *

Annotations:
D:3 2 transporters, PentaManta's ghost, amateur SpBe


Message History

The adder bites you but does no damage.
You miss the adder. You block the adder's attack.
The adder bites you but does no damage.
You slash the adder!
The adder is severely wounded.
The adder barely misses you. You block the adder's attack.
You slash the adder!
You kill the adder!
You start resting.
You feel a little less mighty now.
You start resting.
HP restored.
There is a stone staircase leading up here.
There is an open door here.
You pick up a book of Iron and begin reading...
You add the spells Animate Armour, Blade Hands and Iron Shot to your library.
You pick up a book of Maledictions and begin reading...
You add the spells Corona, Ensorcelled Hibernation and Tukima's Dance to your library.
d - a red potion You open the door.
There is an open door here.
Found a stone staircase leading down.
You now have 51 gold pieces (gained 11).
There is a stone staircase leading down here.
An ogre comes into view. It is wielding a +0 giant spiked club.
The ogre shouts!
There is a stone staircase leading down here.
You barely miss the ogre. The ogre completely misses you.
You slash the ogre!
The ogre is moderately wounded.
The ogre hits you with a +0 giant spiked club!!
Ouch! That really hurt!
You barely miss the ogre.
The ogre is moderately wounded.
You block the ogre's attack.
It was a potion of flight.
You feel very buoyant.
You fly up into the air.
The ogre hits you with a +0 giant spiked club!!
You die...

#.)......#..#....#
###......#..#....#
#......#.......###
#......#....##....#
######..........#.#
#####...###.#.####
#.................
#.####............
#......@O##.#####.
#.#####..# .# #..#
.# #..# .# #..# ..
#..# .# #..# .#
#..# #..#


You could see an ogre.

Vanquished Creatures
  An ice beast (D:6)
  A necrophage (D:4)
  A hound (D:5)
  A centaur skeleton (D:4)
  An orc wizard (D:6)
  5 adders
  2 worms
  3 orcs
  3 endoplasms
  3 giant cockroaches
  5 goblins
  5 hobgoblins
  5 jackals
  3 quokkas
  2 ball pythons
  3 bats (D:2)
  4 frilled lizards
  7 kobolds
  A quokka skeleton (D:4)
  5 rats
61 creatures vanquished.

Vanquished Creatures (others)
  An orc wizard (D:6)
1 creature vanquished.

Grand Total: 62 creatures vanquished

Notes
Turn   | Place    | Note
-------+----------+-------------------------------------------
     0 | D:1      | McIrco the Human Fighter began the quest for the Orb.
     0 | D:1      | Reached XP level 1. HP: 18/18 MP: 1/1
    22 | D:1      | Found Gidyh's Antique Armour Emporium.
   185 | D:1      | Reached XP level 2. HP: 23/24 MP: 2/2
   790 | D:2      | Reached XP level 3. HP: 29/29 MP: 3/3
  1405 | D:2      | Reached XP level 4. HP: 35/35 MP: 4/4
  1415 | D:2      | Found Paucim's Distillery.
  1421 | D:2      | Bought a potion of curing for 36 gold pieces
  1502 | D:2      | Found a faded altar of an unknown god.
  1965 | D:3      | Reached skill level 4 in Shields
  2167 | D:3      | Noticed PentaManta's ghost (amateur SpBe)
  2168 | D:3      | Found a transporter.
  2228 | D:3      | Found a transporter.
  2604 | D:4      | Noticed a necrophage
  2612 | D:4      | Killed a necrophage
  2613 | D:4      | Reached XP level 5. HP: 40/42 MP: 5/5
  2620 | D:4      | Reached XP level 6. HP: 41/48 MP: 6/6
  2691 | D:4      | You fall into a shaft and drop 2 floors!
  2733 | D:5      | Entered Level 5 of the Dungeon
  2733 | D:5      | Found Bojich's General Store.
  2736 | D:5      | Bought a scroll of teleportation for 45 gold pieces
  2824 | D:6      | Noticed an ice beast
  2852 | D:6      | Killed an ice beast
  2853 | D:6      | Reached skill level 5 in Shields
  2868 | D:6      | Reached XP level 7. HP: 18/55 MP: 7/7
  3144 | D:6      | Slain by an ogre

Illustrated notes

Levels and vault maps discovered:
D:1:      dpeg_arrival_water_temple_mockup, layout_basic, serial_shops,
          nicolae_shop_trees
D:2:      layout_basic, shapermc_ecumenical_altar_notcrosses, serial_shops, shop
D:3:      layout_basic, gammafunk_ghost_arena
D:4:      layout_cave_pods, uniq_menkaure
D:5:      layout_rooms, kennysheep_okawaru_gauntlet, nicolae_take_the_stairs,
          kennysheep_nondescript
D:6:      layout_basic, doesnt_xom_only_xom, kennysheep_generic_room_13

Skill      XL: |  1  2  3  4  5  6 |
---------------+-------------------+-----
Shields        | 4 5 |  5.2
Fighting       | 4 |  4.5
Armour         | 4 |  4.7
Axes           | |  2.0

Action                   |  1- 3 |  4- 6 |  7- 9 || total
-------------------------+-------+-------+-------++-------
Melee: War axe           |    98 |   131 |     7 ||   236
  Use: Potion            |       |     3 |     1 ||     4
       Scroll            |       |     1 |       ||     1
Armor: Scale mail        |    71 |    90 |     2 ||   163
Dodge: Dodged            |    35 |    50 |     2 ||    87
Block: Kite shield       |    62 |    67 |     3 ||   132

Table legend: (Time is in decaauts)
 A = Elapsed time spent in this place.
 B = Non-inter-level travel time spent in this place.
 C = Inter-level travel time spent in this place.
 D = Time resting spent in this place.
 E = Time spent auto-exploring this place.
 F = Levels seen in this place.
 G = Mean time per level.
                   A        B        C        D        E       F      G
               +--------+--------+--------+--------+--------+-----+--------+
         Total |   3293 |   3210 |     83 |    246 |   2316 |   6 |  548.8 |
       Dungeon |   3293 |   3210 |     83 |    246 |   2316 |   6 |  548.8 |
               +--------+--------+--------+--------+--------+-----+--------+

Top non-repeatable levels by time:
     D:2: 1085 daAuts
     D:1: 818 daAuts
     D:3: 779 daAuts
     D:6: 402 daAuts
     D:4: 125 daAuts
     D:5: 82 daAuts
